 Dungeon Crawl Stone Soup version 0.31-a0-37-g98a128e1d9 (webtiles) character file.

Game seed: 6181993874257804192

111470 BlueFish the Arsonist (level 16, -7/128 (135) HPs)
             Began as a Red Draconian Artificer on May 15, 2023.
             Was a High Priest of Vehumet.
             Mangled by a radroach (10 damage)
             ... while paralysed by a jorogumo
             ... on level 2 of the Lair of Beasts.
             The game lasted 01:21:03 (32041 turns).

BlueFish the Arsonist (Red Draconian Artificer)    Turns: 32041, Time: 01:21:04

HP:   -7/128 (135)  AC: 15    Str: 17    XL:     16   Next: 9%
MP:   29/34         EV:  2    Int: 23    God:    Vehumet [*****.]
Gold: 1006          SH:  0    Dex: 12    Spells: 10/31 levels left

rFire   + + .        h - +6 Majin-Bo {spellvamp, MP+6 Int+6}
rCold   x . .        O - +0 buckler
rNeg    . . .        (body armour unavailable)
rPois   .            q - +2 hat
rElec   .            (no cloak)
rCorr   .            T - +2 pair of gloves
SInv    +            Z - +0 pair of boots {Fly}
Will    +....        w - amulet of reflection
Stlth   ++++         l - ring of see invisible
HPRegen 0.41/turn    z - ring of fire
MPRegen 0.24/turn

%: reflection
@: paralysed, lethally poisoned (-7 -> -39), flying, very slightly contaminated,
held, drained
A: breathe fire, AC +9, unfitting armour, fire resistance 1, cold-blooded
a: Breathe Fire, Renounce Religion


You were on level 2 of the Lair of Beasts.
You worshipped Vehumet.
Vehumet was extremely pleased with you.
You visited 5 branches of the dungeon, and saw 24 of its levels.
You also visited: Ice Cave.

You collected 3507 gold pieces.
You spent 2501 gold pieces at shops.

Inventory:

Hand Weapons
 h - the +6 Majin-Bo (weapon) {spellvamp, MP+6 Int+6}
   (You bought it in a shop on level 2 of the Orcish Mines)

   Int:       It affects your intelligence (+6).
   MP:        It affects your magic capacity (+6).
Missiles
 S - a throwing net
Armour
 q - a +2 hat (worn)
 M - a +0 kite shield
 O - a +0 buckler (worn)
 T - a +2 pair of gloves (worn)
 Z - a +0 pair of boots of flying (worn)
Magical Staves
 Q - a staff of fire
Jewellery
 a - a ring of flight
 b - a ring of protection from fire
 l - a ring of see invisible (left hand)
 u - the amulet "Anaoblei" {Acrobat Will+}
   (You took it off a hobgoblin on level 2 of the Dungeon)

   [amulet of the acrobat]

   It increases your evasion while moving and waiting.
   Will:      It increases your willpower.
 w - an amulet of reflection (around neck)
 z - a ring of fire (right hand)
 A - a ring of protection from fire
 V - a ring of magical power
 Y - a ring of willpower
Wands
 c - a wand of charming (8)
 d - a wand of iceblast (22)
 k - a wand of mindburst (7)
 E - a wand of paralysis (21)
 J - a wand of polymorph (5)
 U - a wand of quicksilver (4)
Scrolls
 e - 9 scrolls of teleportation
 f - a scroll of fog {unknown}
 j - 3 scrolls of immolation
 n - 5 scrolls of amnesia
 o - a scroll of vulnerability
 s - 4 scrolls of magic mapping
 t - a scroll of torment
 v - a scroll of silence {unknown}
 y - 3 scrolls of fear
 C - 3 scrolls of enchant armour
 D - a scroll of blinking {unknown}
 F - a scroll of enchant weapon {unknown}
 G - a scroll of butterflies
 P - 2 scrolls of brand weapon {unknown}
 X - a scroll of noise {unknown}
Potions
 g - 7 potions of attraction
 i - 5 potions of mutation
 m - 2 potions of ambrosia
 p - 10 potions of curing
 r - 4 potions of lignification
 x - a potion of cancellation
 B - 7 potions of haste
 H - 2 potions of brilliance
 I - a potion of berserk rage
 K - 4 potions of flight
 L - 2 potions of might
 N - 2 potions of invisibility
Miscellaneous
 R - a condenser vane
 W - a lightning rod (4/4)


   Skills:
 + Level 10.4 Fighting
 - Level 7.0(7.1) Short Blades
 - Level 0.7(4.4) Long Blades
 * Level 6.7 Staves
 + Level 9.2 Dodging
 + Level 9.7 Stealth
 * Level 13.1 Shields
 + Level 8.0 Spellcasting
 + Level 8.9 Conjurations
 + Level 13.2 Fire Magic
 + Level 6.9 Air Magic
 + Level 10.1 Evocations


You had 10 spell levels left.
You knew the following spells:

 Your Spells              Type           Power      Damage    Failure   Level
a - Flame Wave            Conj/Fire      74%        2d16      1%          4
b - Sticky Flame          Conj/Fire      74%        2d9       1%          4
c - Plasma Beam           Fire/Air       35%        2x1d53    5%          6
d - Scorch                Fire           100%       2d9       1%          2
e - Fireball              Conj/Fire      37%        3d15      1%          5

Your spell library contained the following spells:

 Spells                   Type           Power      Damage    Failure   Level
 Magic Dart               Conj           100%       1d8       1%          1
 Momentum Strike          Conj/Tloc      58%        3d9       1%          2
 Searing Ray              Conj           100%       2d8       1%          2
 Inner Flame              Hex/Fire       56%        N/A       1%          3
 Stone Arrow              Conj/Erth      58%        3d10      1%          3
 Swiftness                Air            41%        N/A       1%          3
 Sandblast                Erth           18%        2d7       2%          1
 Arcjolt                  Conj/Air       22%        1d32      2%          5
 Fulminant Prism          Conj/Hex       14%        3d9       3%          4
 Vhi's Electric Charge    Tloc/Air       50%        N/A       6%          3
 Apportation              Tloc           18%        N/A       8%          1
 Summon Small Mammal      Summ           36%        N/A       8%          1
 Blink                    Tloc           18%        N/A       12%         2
 Ensorcelled Hibernation  Hex/Ice        18%        N/A       12%         2
 Lesser Beckoning         Tloc           18%        N/A       12%         2
 Passwall                 Tmut/Erth      7%         N/A       12%         2
 Call Canine Familiar     Summ           9%         N/A       24%         3
 Gell's Gravitas          Tloc           9%         N/A       24%         3
 Portal Projectile        Hex/Tloc       18%        N/A       24%         3
 Spider Form              Tmut/Pois      9%         N/A       24%         3
 Summon Guardian Golem    Hex/Summ       9%         N/A       24%         3
 Teleport Other           Tloc           9%         N/A       24%         3
 Tukima's Dance           Hex            9%         N/A       24%         3
 Yara's Violent Unravell  Hex/Tmut       4%         3d4       45%         5
 Anguish                  Hex/Necr       4%         N/A       61%         4
 Leda's Liquefaction      Hex/Erth       4%         N/A       61%         4
 Manifold Assault         Tloc           9%         N/A       61%         4
 Passage of Golubria      Tloc           9%         N/A       61%         4
 Alistair's Intoxication  Tmut/Pois      6%         N/A       91%         5
 Dispersal                Tloc           4%         N/A       100%        6
 Summon Cactus Giant      Summ           4%         N/A       100%        6
 Disjunction              Tloc           4%         N/A       100%        8


Dungeon Overview and Level Annotations

Branches:
Dungeon (15/15)            Temple (1/1) D:6            Lair (5/5) D:11
 Shoals (0/4) Lair:3       Spider (1/4) Lair:2        Slime (0/5) Lair:4
    Orc (2/2) D:9             Elf (0/3) Orc:2        Vaults (0/5) D:13
 Depths (0/4) D:15          IceCv (visited)

Altars:
Ashenzari
Cheibriados
Dithmenos
Elyvilon
Fedhas
Gozag
Hepliaklqana
Kikubaaqudgha
Makhleb
Nemelex Xobeh
Okawaru
Qazlal
Ru
Sif Muna
Trog
Uskayaw
Vehumet
Wu Jian
Xom
Yredelemnul
Zin
The Shining One
Jiyva

Shops:
D:4 :!?=?   D:6 ?(*   D:10 =   D:13 [   D:14 !   Orc:1 (   Orc:2 =*(*

Portals:
Trove: D:10 (give 16 scrolls of teleportation)

Annotations:
D:12 exclusion: door, nemohh's ghost, journeyman HOFi
Lair:5 1 runed translucent door


Innate Abilities, Weirdness & Mutations

You can breathe blasts of fire.
Your fiery red scales are hard. (AC +9)
You cannot fit into any form of body armour.
Your flesh is heat resistant. (rF+)
You are cold-blooded and may be slowed by cold attacks.


Message History

You feel very sick. You block the wolf spider's attack.
The wolf spider bites you! The wolf spider hits you!
* * * LOW HITPOINT WARNING * * *
You block the wolf spider's attack. The radroach misses you.
You block the radroach's attack. The jorogumo hits you!
* * * LOW HITPOINT WARNING * * *
You feel yourself slow down. The wolf spider hits you!
* * * LOW HITPOINT WARNING * * *
The wolf spider misses you. The wolf spider closely misses you. x2
A wave of flame ripples out!
The flame wave engulfs the radroach!
You feel better.
The radroach is moderately wounded.
The flame wave engulfs the jorogumo!!
You feel better.
The jorogumo is heavily wounded.
The flame wave engulfs the wolf spider!!
You feel better.
You kill the wolf spider!
Vehumet accepts your kill.
The flame wave engulfs the wolf spider!
You feel better.
The wolf spider is severely wounded.
You feel yourself speed up.
You feel extremely sick. You block the wolf spider's attack.
The wolf spider bites you!
* * * LOW HITPOINT WARNING * * *
The jorogumo hits you!!
* * * LOW HITPOINT WARNING * * *
You are more poisoned.
You suddenly lose the ability to move!
The radroach bites you but does no damage.
The radroach claws you.
* * * LOW HITPOINT WARNING * * *
The wolf spider hits you but does no damage.
The wolf spider bites you.
* * * LOW HITPOINT WARNING * * *
The jorogumo stares at you and mumbles some strange words.
The stream of webbing hits you but does no damage.
You are caught in a web!
The radroach barely misses you. The radroach claws you!
You die...

#......##..'.###.#####.....####.#
.###...P###.###..⌠.#...####.#..⌠.
..#....+......#.............#....
...'...P......#⌠.>..+...⌠...'..>.
.##....#......#.....#.......#....
..##....##.##..#.⌠.##...##..##.⌠.
.........#############.....#.##..
......................##^#.#.....
...............H@....#...(.##...#
...............B.s..#.#...#......
....................#.#...#......
...................##...⌠...###..
##.................P#.......##...
##.......###.###....#.#...#.###..
.#.......#P..###...###.....###...
.#....<..##........P#.#.#.## #...
##.............#...###.....# ##..


You could see a jorogumo, a radroach and a wolf spider.

Vanquished Creatures
  Kirke (Lair:5)
  Nessos (Orc:2)
  A white draconian (IceCv)
  6 hydras
  4 ogre magi
  21 two-headed ogres
  3 catoblepae
  A death knight (D:15)
  4 centaur warriors
  2 boulder beetles
  5 tengu warriors
  A skyshark (Lair:4)
  3 skeletal warriors (D:15)
  3 lindwurms (Lair:5)
  A flayed ghost (D:15)
  2 deep trolls (Orc:2)
  2 tengu zombies (D:15)
  Pikel (D:4)
  2 wizards (D:13)
  6 deep elf pyromancers
  5 orc knights
  2 orc sorcerers
  A phantasmal warrior (D:14)
  14 ugly things
  A necromancer (D:15)
  A wolf spider (Lair:2)
  A moth of wrath (Spider:1)
  2 ice statues (IceCv)
  5 cyclopes
  An elephant (shapeshifter) (D:15)
  8 manticores
  2 black mambas (Lair:5)
  Joseph (D:7)
  7 torpor snails (Lair:5)
  A gargoyle (D:13)
  6 cane toads
  A freezing wraith (D:15)
  An efreet (D:15)
  An unseen horror (D:11)
  10 komodo dragons
  8 rime drakes
  14 trolls
  4 meliai
  A meliai (shapeshifter) (D:14)
  A wind drake (Lair:3)
  4 tyrant leeches (Lair:5)
  A tarantella (Spider:1)
  6 hornets (Lair:5)
  A spriggan zombie (D:15)
  19 blink frogs
  8 slime creatures
  A culicivora (Lair:2)
  A centaur simulacrum (D:15)
  38 yaks
  A jumping spider (Spider:1)
  4 shadows
  3 wraiths
  A vampire (D:12)
  4 wyverns
  A hog (Lair:5)
  7 basilisks
  3 steam dragons
  6 redbacks
  15 vampire mosquitoes
  2 wargs
  3 acid dragons
  15 water moccasins
  A glowing shapeshifter skeleton (D:15)
  Duvessa (D:6)
  15 orc warriors
  3 sky beasts
  2 black bears (D:11)
  22 ogres
  7 wolves
  11 centaurs
  5 boggarts (D:14)
  A lemure (D:4)
  2 kobold brigands
  A phantom (D:9)
  14 bullfrogs
  A scorpion (D:4)
  Dowan (D:6)
  2 troll zombies (D:9)
  6 killer bees (D:7)
  8 lindwurm simulacra (IceCv)
  2 electric eels (Lair:2)
  A howler monkey (D:5)
  3 hounds
  2 komodo dragon simulacra (IceCv)
  2 gnoll boudas
  2 jellies
  10 orc priests
  3 iguanas
  17 orc wizards
  6 ogre zombies (D:9)
  20 gnolls
  4 acid dragon simulacra (IceCv)
  2 adders
  3 shadow imps
  2 white imps
  7 steam dragon simulacra (IceCv)
  3 worms
  5 dart slugs
  59 orcs
  11 ball pythons
  6 bats
  8 endoplasms
  3 giant cockroaches
  9 goblins
  6 hobgoblins
  16 kobolds
  2 quokkas
  3 frilled lizards
  A goblin skeleton (D:9)
  2 goblin zombies (D:9)
  4 hobgoblin zombies (D:9)
  3 orc skeletons (D:9)
  15 orc zombies (D:9)
  7 rats
665 creatures vanquished.

Vanquished Creatures (collateral kills)
  A yak (Lair:5)
  An orc wizard (D:4)
  A hobgoblin (D:4)
3 creatures vanquished.

Vanquished Creatures (others)
  Urug (Lair:5)
  Grinder (D:4)
  2 humans (Lair:5)
  A black bear (D:4)
  An ogre (D:4)
6 creatures vanquished.

Grand Total: 674 creatures vanquished

Notes
Turn   | Place    | Note
-------+----------+-------------------------------------------
     0 | D:1      | BlueFish the Draconian Artificer began the quest for the
                  | Orb.
     0 | D:1      | Reached XP level 1. HP: 16/16 MP: 1/1
    57 | D:1      | Reached skill level 1 in Stealth
   143 | D:1      | Reached XP level 2. HP: 20/23 MP: 2/2
   543 | D:1      | Reached XP level 3. HP: 28/29 MP: 3/3
   899 | D:2      | Identified the amulet "Anaoblei" {Acrobat Will+}
  1128 | D:2      | Found a glowing golden altar of the Shining One.
  1545 | D:3      | Reached XP level 4. HP: 37/37 MP: 4/4
  1548 | D:3      | Found a glowing silver altar of Zin.
  1549 | D:3      | Found a shimmering blue altar of Sif Muna.
  1685 | D:3      | Found a shimmering altar of Xom.
  1726 | D:3      | Reached XP level 5. HP: 40/44 MP: 5/5
  1817 | D:3      | Found an opulent altar of Gozag.
  2034 | D:3      | You fall into a shaft and drop 1 floor!
  2034 | D:4      | Found Levewnag's Book Boutique.
  2071 | D:4      | Noticed a lemure
  2072 | D:4      | Noticed a lemure
  2072 | D:4      | Noticed a lemure
  2072 | D:4      | Noticed a lemure
  2415 | D:3      | Found an ornate altar of the Wu Jian Council.
  2608 | D:4      | Found Gysk's Magic Scroll Shoppe.
  2608 | D:4      | Found Saemm's Distillery.
  2609 | D:4      | Found Xouhyzet's Magic Scroll Shoppe.
  2622 | D:4      | Found Pidasank's Jewellery Shoppe.
  2656 | D:4      | Bought a ring of see invisible for 210 gold pieces
  2750 | D:4      | Noticed Pikel
  2770 | D:3      | Found a burning altar of Makhleb.
  2851 | D:4      | Killed a lemure
  3073 | D:4      | Reached XP level 6. HP: 47/51 MP: 6/6
  3076 | D:4      | Noticed Grinder
  3109 | D:4      | Paralysed by Grinder for 4 turns
  3134 | D:4      | Your ally Grinder died
  3315 | D:4      | Found a radiant altar of Vehumet.
  3474 | D:4      | Your scales start taking on a fiery red colour.
  3474 | D:4      | Reached XP level 7. HP: 32/59 MP: 7/7
  3474 | D:4      | Gained mutation: Your flesh is heat resistant. (rF+) [Red
                  | Draconian growth]
  4104 | D:5      | Entered Level 5 of the Dungeon
  4589 | D:5      | Learned a level 4 spell: Flame Wave
  4680 | D:6      | Reached skill level 5 in Evocations
  4713 | D:6      | Reached skill level 1 in Fire Magic
  4812 | D:6      | Found a transporter.
  4812 | D:6      | Found Doynax's Weapon Boutique.
  4882 | D:6      | Found Lyebemui's General Store.
  4891 | D:6      | Noticed Dowan
  4891 | D:6      | Noticed Duvessa
  4892 | D:6      | Reached skill level 1 in Short Blades
  4892 | D:6      | Reached skill level 1 in Spellcasting
  4892 | D:6      | Reached skill level 1 in Conjurations
  4940 | D:6      | Killed Duvessa
  4941 | D:6      | Reached XP level 8. HP: 67/67 MP: 9/9
  5344 | D:6      | Killed Dowan
  5457 | D:6      | Noticed a troll
  5590 | D:6      | Reached skill level 5 in Fighting
  5700 | D:6      | Learned a level 4 spell: Sticky Flame
  5774 | D:6      | Found a staircase to the Ecumenical Temple.
  5791 | Temple   | Entered the Ecumenical Temple
  6111 | D:4      | Became a worshipper of Vehumet
  6168 | D:4      | Killed Pikel
  6169 | D:4      | Reached XP level 9. HP: 45/74 MP: 12/12
  6469 | D:6      | Found Caicyery's Magic Scroll Shop.
  6482 | D:6      | Found a transporter.
  6736 | D:6      | Found the +18 Lear's hauberk
  7001 | D:7      | Noticed Joseph
  7017 | D:7      | Killed Joseph
  7018 | D:7      | Reached skill level 5 in Dodging
  7018 | D:7      | Reached skill level 5 in Stealth
  7018 | D:7      | Reached skill level 5 in Fire Magic
  8692 | D:8      | Found a snail-covered altar of Cheibriados.
  9169 | D:8      | Noticed a two-headed ogre
  9185 | D:8      | Killed a two-headed ogre
  9185 | D:8      | Reached * piety under Vehumet
  9185 | D:8      | Offered knowledge of Sandblast by Vehumet.
  9186 | D:8      | Reached XP level 10. HP: 22/83 MP: 1/15
  9733 | D:9      | Found a staircase to the Orcish Mines.
  9753 | D:9      | Noticed a two-headed ogre
  9853 | D:9      | Killed a two-headed ogre
  9860 | D:9      | Reached ** piety under Vehumet
  9984 | D:9      | Offered knowledge of Freeze by Vehumet.
 10573 | D:10     | Entered Level 10 of the Dungeon
 10830 | D:10     | Found Yraquop's Jewellery Boutique.
 10897 | D:10     | Noticed a two-headed ogre
 10905 | D:10     | Killed a two-headed ogre
 10950 | D:10     | Offered knowledge of Dazzling Flash by Vehumet.
 11051 | D:10     | Reached XP level 11. HP: 90/92 MP: 7/17
 11059 | D:10     | Reached skill level 5 in Short Blades
 11225 | D:10     | Reached *** piety under Vehumet
 11405 | D:10     | Reached skill level 5 in Conjurations
 11569 | D:10     | Found a portal to a secret trove of treasure.
 11810 | D:11     | Learned a level 6 spell: Plasma Beam
 11928 | D:11     | Found a staircase to the Lair.
 12379 | D:11     | Noticed a cyan ugly thing
 12390 | D:11     | Killed a cyan ugly thing
 12391 | D:11     | Reached skill level 1 in Air Magic
 12551 | D:11     | Offered knowledge of Olgreb's Toxic Radiance by Vehumet.
 12816 | D:11     | Noticed a two-headed ogre
 12831 | D:11     | Killed a two-headed ogre
 13547 | Lair:1   | Entered Level 1 of the Lair of Beasts
 13583 | Lair:1   | Reached skill level 1 in Shields
 13595 | Lair:1   | Reached skill level 5 in Spellcasting
 14419 | Lair:1   | Reached XP level 12. HP: 63/101 MP: 6/19
 14834 | Lair:2   | Found a hole to the Spider Nest.
 14900 | Lair:2   | Noticed an eight-headed hydra
 14913 | Lair:2   | Reached skill level 10 in Fire Magic
 14913 | Lair:2   | Reached XP level 13. HP: 107/107 MP: 19/21
 15680 | Lair:2   | Reached **** piety under Vehumet
 16007 | Lair:3   | Found a staircase to the Shoals.
 17097 | D:4      | Bought a book of Scorching for 330 gold pieces
 17100 | D:4      | Learned a level 2 spell: Scorch
 17584 | Lair:4   | Found a viscous altar of Jiyva.
 17586 | Lair:4   | Found a staircase to the Slime Pits.
 18570 | Lair:5   | Entered Level 5 of the Lair of Beasts
 18600 | Lair:5   | Offered knowledge of Irradiate by Vehumet.
 18907 | Lair:5   | Noticed Urug
 18913 | Lair:5   | Noticed Kirke
 18915 | Lair:5   | Your ally Urug died
 18945 | Lair:5   | Killed Kirke
 19935 | Lair:5   | Reached XP level 14. HP: 88/118 MP: 18/23
 20037 | Lair:5   | Reached ***** piety under Vehumet
 20037 | Lair:5   | Offered knowledge of Ozocubu's Refrigeration by Vehumet.
 20611 | Lair:5   | Identified 2 scrolls of acquirement
 20611 | Lair:5   | Acquired 571 gold pieces
 20615 | Lair:5   | Acquired a staff of fire
 20657 | Lair:5   | Found a runed translucent door.
 20841 | Lair:5   | Reached skill level 1 in Staves
 21122 | Lair:5   | Reached skill level 5 in Air Magic
 21516 | Orc:1    | Entered Level 1 of the Orcish Mines
 21546 | Orc:1    | Paralysed by an orc sorcerer for 5 turns
 21627 | Orc:1    | Found a bloodstained altar of Trog.
 21737 | Orc:1    | Reached skill level 10 in Shields
 21986 | Orc:1    | Found Miskivva's Antique Weapon Shop.
 22038 | Orc:2    | Entered Level 2 of the Orcish Mines
 22039 | Orc:2    | Noticed Nessos
 22068 | Orc:2    | Found Gikh's Antique Weapon Boutique.
 22072 | Orc:2    | Offered knowledge of Lee's Rapid Deconstruction by Vehumet.
 22103 | Orc:2    | Found Nacs's Jewellery Emporium.
 22108 | Orc:2    | Found Lowej's General Store.
 22109 | Orc:2    | Found Jomem's General Store.
 22118 | Orc:2    | Found a frozen archway.
 22133 | IceCv    | Entered an ice cave
 22493 | IceCv    | Identified the +9 plate armour of the Gloaming {Rampage
                  | *Corrode Fly Will+++}
 23326 | Orc:2    | Paralysed by an orc sorcerer for 2 turns
 23400 | Orc:2    | Bought the +6 Majin-Bo {spellvamp, MP+6 Int+6} for 1800
                  | gold pieces
 23400 | Orc:2    | Found the +6 Majin-Bo {spellvamp, MP+6 Int+6}
 23574 | Orc:2    | Killed Nessos
 23693 | Orc:2    | Offered knowledge of Conjure Ball Lightning by Vehumet.
 23961 | Orc:2    | Found a staircase to the Elven Halls.
 25131 | D:12     | Found a runed translucent gate.
 25131 | D:12     | Found a runed translucent gate.
 25131 | D:12     | Found a runed translucent gate.
 25136 | D:12     | Noticed nemohh's ghost (journeyman HOFi)
 25908 | D:13     | Reached XP level 15. HP: 126/126 MP: 25/25
 26590 | D:13     | Found Getix's Armour Shoppe.
 26593 | D:13     | Bought a +0 pair of boots of flying for 161 gold pieces
 26851 | D:13     | Found a gate to the Vaults.
 26854 | D:13     | Reached skill level 5 in Staves
 27509 | D:14     | Reached skill level 10 in Fighting
 28028 | D:14     | Offered knowledge of Fireball by Vehumet.
 28176 | D:14     | Found Ikirch's Distillery.
 28566 | D:15     | Entered Level 15 of the Dungeon
 28891 | D:15     | Found a staircase to the Depths.
 28917 | D:14     | Learned a level 5 spell: Fireball
 29853 | D:15     | Reached skill level 10 in Evocations
 30913 | D:15     | Reached XP level 16. HP: 132/135 MP: 19/27
 31772 | Spider:1 | Entered Level 1 of the Spider Nest
 32041 | Lair:2   | Paralysed by a jorogumo for 3 turns
 32041 | Lair:2   | HP: 5/128 [radroach (6)]
 32041 | Lair:2   | Mangled by a radroach

Illustrated notes

Levels and vault maps discovered:
D:1:      amcnicky_arrival_abandoned_market, layout_basic
D:2:      layout_rooms, basic_altar, minmay_octomino_c4
D:3:      wander_river, layout_loops_ring, nicolae_overflow_hidden_temple,
          grunt_gozag_breadcrumbs, lemuel_flame_loot_1
D:4:      minmay_angry_zag, layout_rooms, vehumet_altar_wand_db, serial_shops,
          shop_fountains, minmay_shop_grid_forest, minmay_misc_feat_columns,
          minivault_27, grunt_decor_fettered, uniq_pikel, uniq_grinder
D:5:      layout_basic
D:6:      layout_loops_ring, minmay_temple_entry_antechambers, serial_shops,
          nicolae_shop_drivethru, shop, shop, hellmonk_guarded_unrand_lears,
          uniq_duvessa
D:7:      layout_basic, dreamdust_princess_corridor, uniq_joseph
D:8:      layout_loops_ring, cheibriados_altar_1
D:9:      layout_roguey, zombieorc2_lemuel, minmay_misc_feat_enclosed
D:10:     layout_roguey, serial_shops, nicolae_shop_hallway_stairs,
          nicolae_trove_entry_diagonal
D:11:     layout_roguey, minmay_lair_entry_grove
D:12:     layout_roguey, ebering_ghost_rock_garden
D:13:     layout_stronghold, david_vaults_1, serial_shops,
          nicolae_shop_tiny_real_fake_doors, minmay_between
D:14:     layout_irregular_city, serial_shops, shop
D:15:     gammafunk_depths_entry_grave, layout_basic, nicolae_two_hexagons,
          kennysheep_kite_vault
Temple:   dpeg_chambers_temple
Lair:1:   layout_chaotic_city, infiniplex_staircase_pool_2
Lair:2:   layout_regular_city, dummy_spider_entry, serial_bayou_pond_e,
          lemuel_fruit_tree, serial_bayou_shore_a, grunt_megastairs_1
Lair:3:   layout_regular_city, minmay_shoals_entry_beasts, serial_bayou_shore_b
Lair:4:   layout_loops_ring, slime_entry_1, kennysheep_catoblepas_arena,
          grunt_megastairs_5
Lair:5:   wormcave, layout_gridlike, hangedman_lair_in_review,
          nicolae_lair_lil_pond, uniq_kirke, uniq_urug
Spider:1: layout_spider_delve, nicolae_spider_undead_wolf_pack
Orc:1:    layout_diamond_mine, basic_altar, serial_shops, shop
Orc:2:    st_orc_open, layout_caves, portal_ice_cave_rime,
          nicolae_orc_pool_cavern, uniq_nessos

Skill      XL: |  1  2  3  4  5  6  7  8  9 10 11 12 13 14 15 16 |
---------------+-------------------------------------------------+-----
Stealth        | 1 2 3 4 5 6 7 8 9 |  9.7
Fighting       | 2 3 4 5 6 7 8 9 10 | 10.4
Dodging        | 3 4 5 6 7 8 9 |  9.2
Evocations     | 4 5 6 7 8 9 10 | 10.1
Fire Magic     | 2 4 6 8 9 10 11 12 13 | 13.2
Short Blades   | 1 2 3 4 5 6 7 |  7.0
Spellcasting   | 1 2 3 4 5 6 7 8 |  8.0
Conjurations   | 1 2 3 4 5 6 7 8 |  8.9
Air Magic      | 2 3 4 5 6 |  6.9
Shields        | 3 6 9 11 13 | 13.1
Staves         | 4 6 |  6.7
Long Blades    | |  0.7

Action                     |  1- 3 |  4- 6 |  7- 9 | 10-12 | 13-15 | 16-18 || total
---------------------------+-------+-------+-------+-------+-------+-------++-------
  Melee: Dagger            |   114 |   356 |   466 |   396 |   161 |       ||  1493
         Club              |     4 |       |       |       |       |       ||     4
         Tailslap          |    18 |    42 |    73 |    82 |   107 |     4 ||   326
         Short sword       |    62 |       |       |       |       |       ||    62
         Punch             |     3 |     2 |     8 |    10 |       |       ||    23
         Falchion          |       |       |       |       |    17 |       ||    17
         Staff             |       |       |       |       |   100 |       ||   100
         Bo                |       |       |       |       |   135 |    12 ||   147
   Cast: Flame Wave        |       |       |     3 |    26 |    40 |     4 ||    73
         Sticky Flame      |       |       |     3 |    37 |    83 |     3 ||   126
         Scorch            |       |       |       |       |    45 |     2 ||    47
         Plasma Beam       |       |       |       |       |   145 |    10 ||   155
         Fireball          |       |       |       |       |     9 |     1 ||    10
Ability: Breathe Fire      |       |       |    36 |    20 |    22 |       ||    78
  Evoke: Wand              |       |     7 |     1 |     6 |     4 |       ||    18
         Condenser vane    |       |       |       |       |     1 |       ||     1
    Use: Scroll            |       |     7 |     1 |     4 |    16 |       ||    28
         Potion            |       |       |       |     3 |     4 |       ||     7
   Stab: Sleeping          |       |     4 |     3 |     3 |     6 |       ||    16
         Petrified         |       |       |       |       |     3 |       ||     3
 Armour: Skin              |    91 |    93 |   141 |   129 |   180 |    15 ||   649
  Dodge: Dodged            |   118 |   149 |   271 |   241 |   267 |    20 ||  1066
  Block: Other             |     3 |    84 |   105 |    84 |       |       ||   276
         Reflection        |       |     1 |     5 |       |    20 |     1 ||    27
         Buckler           |       |       |       |       |   316 |    30 ||   346

Table legend: (Time is in decaauts)
 A = Elapsed time spent in this place.
 B = Non-inter-level travel time spent in this place.
 C = Inter-level travel time spent in this place.
 D = Time resting spent in this place.
 E = Time spent auto-exploring this place.
 F = Levels seen in this place.
 G = Mean time per level.
                   A        B        C        D        E       F      G
               +--------+--------+--------+--------+--------+-----+--------+
         Total |  32064 |  29220 |   2844 |    958 |  21726 |  25 | 1282.6 |
       Dungeon |  21199 |  18973 |   2226 |    692 |  13845 |  15 | 1413.3 |
        Temple |    227 |    204 |     23 |      0 |    192 |   1 |  227.0 |
          Lair |   7772 |   7331 |    441 |    255 |   5599 |   5 | 1554.4 |
   Spider Nest |     19 |     19 |      0 |      0 |      0 |   1 |   19.0 |
  Orcish Mines |   1701 |   1549 |    152 |      0 |   1262 |   2 |  850.5 |
      Ice Cave |   1144 |   1144 |      0 |     11 |    827 |   1 | 1144.0 |
               +--------+--------+--------+--------+--------+-----+--------+

Top non-repeatable levels by time:
  Lair:5: 2672 daAuts
    D:15: 2532 daAuts
     D:6: 1976 daAuts
    D:14: 1944 daAuts
     D:7: 1814 daAuts
  Lair:2: 1613 daAuts
    D:13: 1563 daAuts
     D:3: 1490 daAuts
    D:11: 1478 daAuts
     D:4: 1460 daAuts
  Lair:4: 1341 daAuts
  Lair:1: 1330 daAuts
    D:12: 1282 daAuts
    D:10: 1218 daAuts
   IceCv: 1144 daAuts
